 Dungeon Crawl Stone Soup version 0.31-a0-1476-g8a4046af8c (webtiles) character file.

Game seed: 11720667514816712546

40306 WasteTime5 the Black Belt (level 14, -14/138 HPs)
             Began as a Merfolk Berserker on Dec 29, 2023.
             Was a High Priest of Trog.
             Demolished by a skyshark (34 damage)
             ... on level 5 of the Lair of Beasts.
             The game lasted 00:40:08 (16055 turns).

WasteTime5 the Black Belt (Merfolk Berserker)      Turns: 16055, Time: 00:40:09

Health: -14/138    AC: 12    Str: 29    XL:     14   Next: 10%
Magic:  14/14      EV:  1    Int:  6    God:    Trog [*****.]
Gold:   840        SH:  0    Dex: 18    Spells: 13/13 levels left

rFire   . .          .
                       - Unarmed
rCold   . . .        (shield currently unavailable)
rNeg    . . .        G - melded +4 robe of the Other Side {rF+ Regen+ Int+3}
rPois   +            (helmet currently unavailable)
rElec   .            o - melded +0 cloak
rCorr   +            c - melded +0 pair of gloves
SInv    .            r - melded +0 pair of boots
Will    +....        M - amulet of the acrobat
Stlth   +++          l - +6 ring of strength
HPRegen 0.43/turn    B - ring of resist corrosion
MPRegen 0.14/turn

%: acrobat
@: snake-form, sleeping, on berserk cooldown, hasted and slowed
A: constrict, boosted hp, large, (nimble swimmer 2), (mertail)
a: Begin Untransformation, Renounce Religion, Berserk, Trog's Hand, Brothers in
Arms


You were on level 5 of the Lair of Beasts.
You worshipped Trog.
Trog was extremely pleased with you.
You were an enormous serpent.
You visited 2 branches of the dungeon, and saw 15 of its levels.
You also visited: Sewer and Ossuary.

You collected 954 gold pieces.
You spent 114 gold pieces at shops.

Inventory:

Hand Weapons
 p - the +6 spear "Sohesox" {drain, rElec rPois Str+3 Dex+3}
   (You found it on level 3 of the Lair of Beasts)

   Str+3:     It affects your strength (+3).
   Dex+3:     It affects your dexterity (+3).
   rElec:     It insulates you from electricity.
   rPois:     It protects you from poison
Missiles
 i - 5 atropa-tipped darts
 k - 10 boomerangs
 u - 9 poisoned darts
Armour
 a - a +0 leather armour of cold resistance
 c - a +0 pair of gloves (melded)
 o - a +0 cloak (melded)
 r - a +0 pair of boots (melded)
 G - the +4 robe of the Other Side (melded) {rF+ Regen+ Int+3}
   (You found it on level 6 of the Dungeon)

   Int+3:     It affects your intelligence (+3).
   rF+:       It protects you from fire.
   Regen+:    It increases your rate of health regeneration.
 P - a +2 leather armour of poison resistance
Jewellery
 l - a +6 ring of strength (left hand)
 B - a ring of resist corrosion (right hand)
 D - a +6 ring of intelligence
 F - a ring of protection from fire
 M - an amulet of the acrobat (around neck)
Talismans
 j - a blade talisman
 O - a serpent talisman (active)
Wands
 m - a wand of paralysis (29) (quivered)
 v - a wand of flame (13)
 x - a wand of roots (29)
 H - a wand of polymorph (11)
 S - a wand of digging (3)
Scrolls
 b - 5 scrolls of fear
 d - 5 scrolls of teleportation
 e - 6 scrolls of poison
 f - 2 scrolls of fog
 g - 4 scrolls of immolation
 h - a scroll of enchant weapon
 n - 4 scrolls of silence
 q - 3 scrolls of enchant armour
 y - 3 scrolls of vulnerability
 A - 2 scrolls of blinking
 Q - 3 scrolls of revelation
 R - 2 scrolls of torment
Potions
 s - a potion of cancellation
 t - 4 potions of brilliance
 w - 8 potions of ambrosia
 z - a potion of berserk rage {unknown}
 C - 2 potions of haste
 E - 8 potions of curing
 I - 4 potions of lignification {unknown}
 J - a potion of might
 K - a potion of resistance
 L - 3 potions of heal wounds {unknown}
 N - a potion of invisibility {unknown}


   Skills:
 - Level 12.0 Fighting
 - Level 1.0 Throwing
 - Level 2.0 Armour
 + Level 11.1 Dodging
 - Level 5.0 Stealth
 - Level 16.0 Unarmed Combat
 - Level 5.0 Evocations
 + Level 14.5 Shapeshifting


You had 13 spell levels left.
You didn't know any spells.
Your spell library was empty.

Dungeon Overview and Level Annotations

Branches:
Dungeon (10/15)            Temple (0/1) D:7            Lair (5/5) D:10
 Shoals (0/4) Lair:3        Snake (0/4) Lair:3        Slime (0/5) Lair:4
    Orc (0/2) D:10          Sewer (visited)         Ossuary (visited)

Altars:
Ashenzari
Fedhas
Hepliaklqana
Makhleb
Qazlal
Ru
Sif Muna
Trog
Uskayaw
Vehumet
Wu Jian
Xom
Zin
The Shining One

Shops:
D:2 (   D:3 (   D:6 ?

Annotations:
D:10 6 transporters
Lair:1 2 transporters
Lair:4 exclusion: 3 oklob plants
Lair:5 3 runed translucent doors, Zigma's ghost, journeyman DrSh


Innate Abilities, Weirdness & Mutations

You are an enormous serpent.
You have a powerful constriction melee attack.
Your maximum health is increased.
Your armour is entirely melded.
You are incapable of wielding weapons or throwing items.
((You are very nimble when in or above water. (Stealth+, EV+, Speed+++)))
((Your lower body shifts to a powerful aquatic tail in water.))


Message History

The skyshark tail-slaps you but does no damage.
The skyshark barely misses you. The dream sheep closely misses you.
The dream sheep headbutts you but does no damage.
You closely miss the skyshark. You grab the skyshark.
You constrict the skyshark. You lash the skyshark!
The skyshark is lightly wounded.
You constrict the skyshark. The skyshark bites you!!
* * * LOW HITPOINT WARNING * * *
The skyshark tail-slaps you.
* * * LOW HITPOINT WARNING * * *
The skyshark closely misses you. The dream sheep headbutts you!
* * * LOW HITPOINT WARNING * * *
The dream sheep closely misses you.
You hit the skyshark.
The skyshark is lightly wounded.
You constrict the skyshark. The skyshark closely misses you.
The skyshark tail-slaps you.
* * * LOW HITPOINT WARNING * * *
The skyshark tail-slaps you!
* * * LOW HITPOINT WARNING * * *
You release your grip on the skyshark.
You feel a strong urge to attack something.
The skyshark completely misses you.
The skyshark tail-slaps you but does no damage.
The skyshark closely misses you.
You feel your anger nearly subside.
You are no longer berserk.
You are exhausted.
You feel yourself slow down.
The skyshark rages.
A black mamba comes into view.
Blink to where?
Press: ? - help, Dir - move target
As you read the scroll of blinking, it crumbles to dust.
You feel yourself speed up.
The skyshark rages.
The dream sheep shake their wool and sparkle.
You feel drowsy...
You fall asleep.
The skyshark bites you!!
You die...

# #..#..<.P....P......††.........
# ............^...#†###...... ..
........P.......#.####..... ..
........#P..........#...#.# .
..##....#..#..P...#.......#
.#.....##)....####.............##
.......#.#.....##.#.............
.......# #...#.................#.
.......#...⌠.#.#S.#.............#
.......#.#...#.#.F##..P.........
......##.#.....#.............(..P
.......#......##...Y..........
........#.#+.##...............
...####..)....###.##r.........
..#.⌠.##....##.##.⌠..#........
.#.....#.......#...F.Y.....PP.
..⌠.<..+...⌠......<.⌠#...♣♣...


You could see a skyshark (berserk), 2 dream sheep and a hell rat.

Vanquished Creatures
  Snorg (Lair:4)
  2 hydras
  A catoblepas (Lair:5)
  2 boulder beetles
  A two-headed ogre (D:10)
  Pikel (D:8)
  14 elephants
  4 black mambas
  An unseen horror (D:10)
  15 cane toads
  11 komodo dragons
  3 rime drakes
  Jeremiah (D:6)
  A queen bee (D:9)
  5 polar bears
  A hornet (D:9)
  14 blink frogs
  A dream sheep (Lair:5)
  Sigmund (D:3)
  3 wyverns
  A wraith (D:8)
  21 yaks
  3 steam dragons
  7 basilisks
  4 vampire mosquitoes (D:10)
  Menkaure (Ossuary)
  4 nagas
  2 acid dragons (Lair:5)
  11 water moccasins
  Duvessa (D:7)
  2 ice beasts
  9 orc warriors
  2 sky beasts
  A black bear (D:5)
  16 wolves
  6 ogres
  2 phantoms
  5 centaurs
  2 lemures (D:8)
  19 bullfrogs
  4 scorpions
  A wyvern zombie (D:8)
  A gnoll sergeant (D:9)
  19 wights
  32 killer bees (D:9)
  Dowan (D:7)
  3 bombardier beetles
  3 electric eels
  2 howler monkeys
  5 centaur zombies (D:8)
  4 jellies
  8 hounds
  6 orc priests
  A gnoll bouda (D:10)
  Jessica (D:2)
  7 iguanas
  8 orc wizards
  3 mummies (Ossuary)
  A howler monkey zombie (D:8)
  7 gnolls
  19 adders
  A shadow imp (D:7)
  4 white imps
  6 worms
  3 dart slugs
  44 orcs
  7 ball pythons
  5 bats
  10 endoplasms
  14 giant cockroaches
  6 goblins
  8 hobgoblins
  7 jackals (D:2)
  4 quokkas
  12 frilled lizards
  8 gnoll skeletons (Ossuary)
  3 gnoll zombies (Ossuary)
  2 goblin skeletons (Ossuary)
  2 goblin zombies (Ossuary)
  6 hobgoblin skeletons (Ossuary)
  6 hobgoblin zombies (Ossuary)
  7 kobolds
  5 kobold skeletons (Ossuary)
  2 kobold zombies (Ossuary)
  4 orc skeletons (Ossuary)
  5 orc zombies (Ossuary)
  3 rats
  7 rat zombies (Ossuary)
529 creatures vanquished.

Notes
Turn   | Place    | Note
-------+----------+-------------------------------------------
     0 | D:1      | WasteTime5 the Merfolk Berserker began the quest for the
                  | Orb.
     0 | D:1      | Reached XP level 1. HP: 18/18 MP: 1/1
   182 | D:1      | Reached XP level 2. HP: 14/24 MP: 2/2
  1224 | D:2      | Reached skill level 4 in Unarmed Combat
  1224 | D:2      | Reached XP level 3. HP: 29/29 MP: 3/3
  1490 | D:2      | Reached XP level 4. HP: 35/35 MP: 4/4
  1828 | D:2      | Reached skill level 5 in Dodging
  1828 | D:2      | Reached XP level 5. HP: 41/41 MP: 5/5
  1836 | D:2      | Found Okooseruh's Weapon Shop.
  1845 | D:2      | Noticed Jessica
  1848 | D:2      | Killed Jessica
  1849 | D:2      | Reached skill level 1 in Throwing
  1930 | D:2      | Reached skill level 5 in Unarmed Combat
  2150 | D:2      | Found a faded altar of an unknown god.
  2425 | D:3      | Reached ** piety under Trog
  2478 | D:3      | Found a hazy altar of Hepliaklqana.
  2479 | D:3      | Found a shimmering altar of Xom.
  2480 | D:3      | Noticed a spectral ugly thing
  2616 | D:3      | Found an ornate altar of the Wu Jian Council.
  2660 | D:3      | Reached XP level 6. HP: 47/47 MP: 6/6
  2998 | D:3      | Found a burning altar of Makhleb.
  3001 | D:3      | Found Uranun's Weapon Boutique.
  3001 | D:3      | Noticed Sigmund
  3456 | D:4      | Reached skill level 6 in Unarmed Combat
  3483 | D:4      | Reached XP level 7. HP: 31/52 MP: 7/7
  3591 | D:4      | Found a bloodstained altar of Trog.
  3652 | D:4      | Found a shimmering blue altar of Sif Muna.
  3755 | D:4      | Reached skill level 7 in Unarmed Combat
  4257 | D:5      | Entered Level 5 of the Dungeon
  4263 | D:4      | Reached skill level 1 in Shapeshifting
  4513 | D:5      | Reached XP level 8. HP: 52/58 MP: 8/8
  4519 | D:5      | Reached skill level 8 in Unarmed Combat
  4738 | D:5      | Found a glowing drain.
  4743 | Sewer    | Entered a sewer
  4763 | Sewer    | Reached skill level 9 in Unarmed Combat
  4773 | Sewer    | Reached *** piety under Trog
  4817 | Sewer    | Reached skill level 1 in Evocations
  4828 | Sewer    | Identified the +4 shortbow "Umnusa" {heavy, rElec}
  5507 | D:6      | Identified the +4 robe of the Other Side {rF+ Regen+ Int+3}
  5688 | D:6      | Found Xonaebo's Magic Scroll Shoppe.
  5695 | D:6      | Bought a scroll of identify for 24 gold pieces
  5695 | D:6      | Bought a scroll of blinking for 90 gold pieces
  5755 | D:6      | Found a blossoming altar of Fedhas.
  5796 | D:6      | Found a glowing silver altar of Zin.
  5836 | D:6      | Reached XP level 9. HP: 67/67 MP: 9/9
  5941 | D:6      | Reached skill level 5 in Fighting
  6067 | D:6      | Reached skill level 10 in Unarmed Combat
  6086 | D:6      | Noticed Jeremiah
  6128 | D:6      | Killed Jeremiah
  6618 | D:3      | Killed Sigmund
  6619 | D:3      | Reached skill level 11 in Unarmed Combat
  6630 | D:3      | Found a hide-covered altar of Uskayaw.
  6843 | D:7      | Noticed Dowan
  6845 | D:7      | Noticed Duvessa
  6864 | D:7      | Killed Duvessa
  6865 | D:7      | Killed Dowan
  6887 | D:7      | Found a glowing golden altar of the Shining One.
  6896 | D:7      | Reached skill level 12 in Unarmed Combat
  6896 | D:7      | Reached XP level 10. HP: 71/74 MP: 10/10
  6933 | D:7      | Found a staircase to the Ecumenical Temple.
  6961 | D:7      | Found a sand-covered staircase.
  6966 | Ossuary  | Entered an ossuary
  6995 | Ossuary  | Reached **** piety under Trog
  7277 | Ossuary  | Noticed Menkaure
  7287 | Ossuary  | Killed Menkaure
  7570 | D:7      | Reached ***** piety under Trog
  7818 | D:7      | Found a sacrificial altar of Ru.
  8178 | D:8      | Reached skill level 5 in Shapeshifting
  8221 | D:8      | Reached skill level 13 in Unarmed Combat
  8465 | D:8      | Received a gift from Trog
  8467 | D:8      | Noticed Pikel
  8490 | D:8      | Killed Pikel
  8491 | D:8      | Reached skill level 14 in Unarmed Combat
  8491 | D:8      | Reached XP level 11. HP: 84/84 MP: 11/11
  8503 | D:8      | Noticed a boulder beetle
  8551 | D:8      | Killed a boulder beetle
  8934 | D:9      | Reached skill level 1 in Stealth
  9108 | D:9      | Reached skill level 15 in Unarmed Combat
  9267 | D:9      | Found a radiant altar of Vehumet.
 10062 | D:10     | Entered Level 10 of the Dungeon
 10135 | D:10     | Found a transporter.
 10151 | D:10     | Found a transporter.
 10155 | D:10     | Found a transporter.
 10261 | D:10     | Found a staircase to the Lair.
 10275 | D:10     | Found a transporter.
 10386 | D:10     | Found a broken altar of Ashenzari.
 10447 | D:10     | Noticed a two-headed ogre
 10456 | D:10     | Killed a two-headed ogre
 10457 | D:10     | Reached skill level 16 in Unarmed Combat
 10457 | D:10     | Reached XP level 12. HP: 91/91 MP: 12/12
 10526 | D:10     | Received a gift from Trog
 10590 | D:10     | Found a staircase to the Orcish Mines.
 10767 | D:10     | Found a transporter.
 10767 | D:10     | Found a transporter.
 10796 | D:10     | Reached skill level 10 in Shapeshifting
 10832 | D:10     | Found a stormy altar of Qazlal.
 10848 | D:10     | Identified the +9 quarterstaff of Rotation {distort, rPois
                  | Will+++ Int+2}
 11056 | Lair:1   | Entered Level 1 of the Lair of Beasts
 11179 | Lair:1   | Found a transporter.
 11180 | Lair:1   | Found the +13 scythe of Curses {drain, curses, ^Drain}
 11278 | Lair:1   | Found a transporter.
 12310 | Lair:2   | Reached XP level 13. HP: 103/103 MP: 13/13
 12354 | Lair:2   | Reached skill level 10 in Fighting
 13211 | Lair:3   | Found a staircase to the Snake Pit.
 13318 | Lair:2   | Reached skill level 5 in Stealth
 13381 | Lair:3   | Identified the +6 spear "Sohesox" {drain, rElec rPois Str+3
                  | Dex+3}
 13539 | Lair:3   | Found a staircase to the Shoals.
 13716 | Lair:3   | Reached skill level 5 in Evocations
 14185 | Lair:4   | Noticed Snorg
 14196 | Lair:4   | Killed Snorg
 14249 | Lair:4   | Found a staircase to the Slime Pits.
 15032 | Lair:5   | Entered Level 5 of the Lair of Beasts
 15038 | Lair:5   | Found a runed translucent gate.
 15039 | Lair:5   | Found a runed translucent gate.
 15040 | Lair:5   | Found a runed translucent gate.
 15042 | Lair:5   | Noticed a minotaur
 15043 | Lair:5   | Noticed Zigma's ghost (journeyman DrSh)
 15310 | Lair:5   | Reached skill level 10 in Dodging
 15762 | Lair:5   | Reached XP level 14. HP: 114/114 MP: 14/14
 16055 | Lair:5   | Demolished by a skyshark

Illustrated notes

Levels and vault maps discovered:
D:1:      elethiomel_arrival_maze, layout_loops_ring
D:2:      minmay_angry_zag, layout_basic,
          shapermc_ecumenical_altar_mp_urbaneastern, serial_shops,
          nicolae_shop_statue_plus, uniq_jessica
D:3:      minmay_skewed_foursquare, layout_rooms,
          regret_index_temple_of_mockery, mainiacjoe_overflow_big_doors,
          nzn_wu_jian_contemplation, serial_shops, shop, uniq_sigmund
D:4:      minmay_bubble_buster, layout_basic,
          nzn_overflow_gifts_of_might_and_magic
D:5:      layout_rooms, portal_sewer_entry_e, hangedman_decor_lopped
D:6:      minmay_razor_zed, layout_loops_corners, mainiacjoe_overflow_alcove_2,
          zin_statuary, serial_shops, shop, minmay_strange_pillars,
          serial_bayou_ford_a, uniq_jeremiah
D:7:      kennysheep_spiral_hall, layout_gridville, nicolae_ru_path_of_blood,
          mainiacjoe_overflow_chevrons, minmay_temple_entry_antechambers,
          enter_ossuary_5, uniq_duvessa
D:8:      layout_rooms, serial_undead, serial_undead_d, serial_undead_c,
          serial_undead_d, serial_undead_e, uniq_pikel
D:9:      layout_basic, vehumet_altar_wand_db, special_room [special_room_bee]
D:10:     layout_basic, evilmike_ruin_ashenzari,
          nicolae_qazlal_scattered_showers, erik_lair_orcish_takeover,
          david_orc_4, serial_nicolae_subway, nicolae_sub_station_stone,
          nicolae_sub_station_metal, nicolae_sub_station_crystal
Lair:1:   gammafunk_cloud_chamber, layout_loops_ring, beast_lair_carwin_6,
          serial_bayou_shore_b, grunt_megastairs_2
Lair:2:   layout_regular_city, cheibrodos_lair_lostbears
Lair:3:   layout_loops_ring, elwin_shoals_entry_rocks,
          minmay_snake_entry_guardpost_small
Lair:4:   layout_gridlike, minmay_slime_entry_oklob_open, serial_bayou_shore_b,
          uniq_snorg
Lair:5:   guppyfry_lair_end_dragon, layout_misc_corridors, wormcave,
          maelrawn_ghost_gauntlet_escape, nicolae_lair_yak_garden,
          grunt_megastairs_1, serial_bayou_shore_b, serial_bayou_shore_a,
          lemuel_fruit_fields

Skill      XL: |  1  2  3  4  5  6  7  8  9 10 11 12 13 14 |
---------------+-------------------------------------------+-----
Dodging        | 3 4 5 6 7 9 10 11 | 11.1
Unarmed Combat | 4 5 6 7 9 12 14 16 | 16.0
Throwing       | 1 |  1.0
Armour         | 2 |  2.0
Shapeshifting  | 2 5 9 12 14 | 14.5
Evocations     | 2 3 5 |  5.0
Fighting       | 4 5 7 9 11 12 | 12.0
Stealth        | 2 3 5 |  5.0

Action                     |  1- 3 |  4- 6 |  7- 9 | 10-12 | 13-15 || total
---------------------------+-------+-------+-------+-------+-------++-------
  Melee: Unarmed           |    75 |   179 |   250 |   744 |   261 ||  1509
         Punch             |     2 |     7 |     9 |    72 |    13 ||   103
         Tailslap          |       |       |     4 |       |       ||     4
         Constrict         |       |       |       |       |    25 ||    25
  Throw: Dart              |       |       |     8 |       |       ||     8
         Throwing net      |       |       |       |     1 |       ||     1
 Invoke: Berserk           |     4 |     8 |     8 |    18 |     4 ||    42
         Trog's Hand       |       |     1 |     1 |     1 |     1 ||     4
Ability: Begin Untransform |       |       |       |     1 |     2 ||     3
  Evoke: Wand              |       |       |    18 |    19 |     9 ||    46
    Use: Scroll            |       |     3 |    10 |     6 |     5 ||    24
         Potion            |       |     4 |       |       |     1 ||     5
   Stab: Sleeping          |     2 |     2 |     3 |     6 |     8 ||    21
         Distracted        |       |       |       |     1 |       ||     1
         Held in net/web   |       |       |       |     1 |       ||     1
         Petrified         |       |       |       |       |     3 ||     3
         Paralysed         |       |       |       |       |     3 ||     3
 Armour: Animal skin       |    17 |       |       |       |       ||    17
         Robe              |    18 |    40 |    42 |   255 |    78 ||   433
         Leather armour    |       |    18 |    60 |       |       ||    78
         Skin              |       |       |       |       |    95 ||    95
  Dodge: Dodged            |    40 |   112 |   176 |   502 |   223 ||  1053
   Form: Blade             |       |       |       |     4 |       ||     4
                           |       |       |       |     2 |       ||     2
         Serpent           |       |       |       |       |     3 ||     3

Table legend: (Time is in decaauts)
 A = Elapsed time spent in this place.
 B = Non-inter-level travel time spent in this place.
 C = Inter-level travel time spent in this place.
 D = Time resting spent in this place.
 E = Time spent auto-exploring this place.
 F = Levels seen in this place.
 G = Mean time per level.
                   A        B        C        D        E       F      G
               +--------+--------+--------+--------+--------+-----+--------+
         Total |  16042 |  15481 |    561 |   2180 |   9891 |  17 |  943.6 |
       Dungeon |  10553 |  10138 |    415 |   1366 |   6489 |  10 | 1055.3 |
          Lair |   4926 |   4781 |    145 |    803 |   3113 |   5 |  985.2 |
         Sewer |    179 |    179 |      0 |      0 |     74 |   1 |  179.0 |
       Ossuary |    382 |    382 |      0 |     10 |    214 |   1 |  382.0 |
               +--------+--------+--------+--------+--------+-----+--------+

Top non-repeatable levels by time:
     D:4: 1427 daAuts
     D:6: 1387 daAuts
     D:9: 1263 daAuts
     D:1: 1216 daAuts
  Lair:2: 1209 daAuts
     D:3: 1112 daAuts
  Lair:4: 1054 daAuts
  Lair:1: 1029 daAuts
     D:2: 1026 daAuts
    D:10: 997 daAuts
     D:7: 856 daAuts
  Lair:5: 837 daAuts
  Lair:3: 795 daAuts
     D:8: 690 daAuts
     D:5: 576 daAuts
